 Dungeon Crawl Stone Soup version 0.31.0-32-g396128a36d (webtiles) character file.

Game seed: 1299745292273699868

238 unlimited1921 the Magician (level 6, -3/41 HPs)
             Began as a Djinni Fire Elementalist on Apr 8, 2024.
             Slain by an iguana (7 damage)
             ... on level 4 of the Dungeon.
             The game lasted 00:08:40 (7871 turns).

unlimited1921 the Magician (DjFE)                   Turns: 7871, Time: 00:08:41

Health: -3/41      AC:  7    Str:  7    XL:     6   Next: 28%
Gold:   259        EV: 13    Int: 19    God:
                   SH:  0    Dex: 13

rFire   + + .        k - +0 hand axe (elec)
rCold   x . .        (no shield)
rNeg    . . .        a - +0 robe
rPois   ∞            w - +0 hat
rElec   .            (no cloak)
rCorr   .            x - +0 pair of gloves
SInv    .            (boots unavailable)
Will    .....        (no amulet)
Stlth   ++           f - +4 ring of protection
HPRegen 0.26/turn    (no ring)
MPRegen 0.00/turn

%: infuse magic (-4 HP)
@: flying, very slightly contaminated
A: sickness immunity, fire resistance 2, cold vulnerability 1, float, innate
caster, HP casting, extra vitality 1
a: no special abilities


You were on level 4 of the Dungeon.
You visited 1 branch of the dungeon, and saw 4 of its levels.

You collected 259 gold pieces.

Inventory:

Hand Weapons
 k - a +0 hand axe of electrocution (weapon)
 p - a +0 dagger of venom
Missiles
 i - a throwing net
 z - 6 poisoned darts
Armour
 a - a +0 robe (worn)
 c - a +1 chain mail of fire resistance
 q - a +0 chain mail
 w - a +0 hat (worn)
 x - a +0 pair of gloves (worn)
 y - a +0 ring mail
Jewellery
 f - a +4 ring of protection (left hand)
 h - a ring of ice
Scrolls
 b - 3 scrolls of enchant armour {unknown}
 d - 3 scrolls of identify {unknown}
 g - a scroll of silence {unknown}
 j - 2 scrolls of immolation {unknown}
 m - a scroll of fear {unknown}
 n - 2 scrolls of acquirement {unknown}
 o - a scroll of enchant weapon {unknown}
 r - a scroll of vulnerability {unknown}
 s - a scroll of fog {unknown}
 t - a scroll of noise {unknown}
 u - a scroll of revelation {unknown}
 B - 2 scrolls of teleportation {unknown}
 C - a scroll of poison {unknown}
Potions
 e - 2 potions of curing {unknown}
 l - 2 potions of heal wounds {unknown}
 v - a potion of brilliance {unknown}
 A - a potion of lignification {unknown}


   Skills:
 + Level 0.4 Fighting
 + Level 0.2 Axes
 + Level 3.3 Dodging
 + Level 3.8 Stealth
 + Level 4.1 Spellcasting
 + Level 4.1 Conjurations
 + Level 4.1 Hexes
 + Level 4.1 Summonings
 + Level 4.1 Necromancy
 + Level 4.1 Translocations
 + Level 4.1 Fire Magic
 + Level 4.1 Ice Magic
 + Level 4.1 Air Magic
 + Level 4.1 Earth Magic
 + Level 4.1 Alchemy


You knew the following spells:

 Your Spells              Type           Power      Damage    Failure   Level
a - Foxfire               Conj/Fire      76%        2x1d7     2%          1
b - Scorch                Fire           38%        2d6       3%          2
c - Volatile Blastmotes   Fire/Tloc      38%        2d13      8%          3
d - Inner Flame           Hex/Fire       19%        N/A       8%          3
e - Flame Wave            Conj/Fire      19%        2d7       26%         4
f - Sandblast             Erth           38%        2d10      2%          1
g - Blink                 Tloc           38%        N/A       3%          2
Your spell library was empty.

Dungeon Overview and Level Annotations

Branches:
Dungeon (4/15)
 Temple: D:4-7

Altars:


Innate Abilities, Weirdness & Mutations

You are immune to sickness and miasma.
You are immune to poison.
Your flesh is very heat resistant. (rF++)
You are vulnerable to cold. (rC-)
You float through the air rather than walking.
You learn spells naturally, not from books.
Your magical power is your life essence.
You have superior vitality. (+4 MHP)


Message History

Flames lash the iguana.
The iguana is lightly wounded.
The iguana's fire resistance burns away.
The iguana bites you.
Casting: Scorch (safe; 3% risk of failure)
Confirm with . or Enter, or press ? or * to list all spells.
You miscast Scorch.
You are very lightly contaminated with residual magic.
Nothing appears to happen.
The iguana barely misses you.
Casting: Scorch (safe; 3% risk of failure)
Confirm with . or Enter, or press ? or * to list all spells.
You conjure some foxfire!
The endoplasm is no longer more vulnerable to fire.
The iguana bites you!
* * * LOW HITPOINT WARNING * * *
The iguana is no longer more vulnerable to fire.
The foxfire hits the iguana.
The iguana is moderately wounded.
The foxfire hits the iguana but does no damage.
The iguana is moderately wounded.
Casting: Foxfire (safe; 2% risk of failure)
Confirm with . or Enter, or press ? or * to list all spells.
You conjure some foxfire!
* * * LOW HITPOINT WARNING * * *
The iguana closely misses you.
The foxfire hits the endoplasm.
You kill the endoplasm!
The foxfire hits the iguana but does no damage.
The iguana is moderately wounded.
You are too injured to fight recklessly!
Casting: Foxfire (safe; 2% risk of failure)
Confirm with . or Enter, or press ? or * to list all spells.
You conjure some foxfire!
* * * LOW HITPOINT WARNING * * *
The foxfire hits the quokka.
The quokka is severely wounded.
The iguana closely misses you.
The foxfire hits the quokka.
You kill the quokka!
The iguana attacks as it pursues you! The iguana bites you!
You die...

..#.... #....♣♣~~~# #.#....
##'######## . #.#<#.#
#...###...# ..
#.#.#.#######...#.#...#
###.###.#.#......##...'.'...#
........#.#......##...#.#...#
.......)..#......##...###[..#
#.......#>.......#########'##
####....#..l@....##..........
####.#.#.§....##.##.......
..#>#......##.##.......
..#.#.>.......##.......
...#....##...####.......
##.#..#......# #######.
#....####.###### #.. #...##
#......####.# #..##
######.......


You could see an iguana.

Vanquished Creatures
  A hound (D:4)
  A bombardier beetle (D:4)
  An iguana (D:4)
  3 gnolls (D:3)
  6 adders
  2 dart slugs (D:3)
  A ribbon worm (D:3)
  An orc (D:4)
  3 bats
  5 endoplasms
  3 giant cockroaches (D:2)
  10 goblins
  3 hobgoblins (D:2)
  2 jackals (D:1)
  7 kobolds
  3 quokkas
  8 ball pythons
  2 rats
62 creatures vanquished.

Vanquished Creatures (others)
  261 foxfires
261 creatures vanquished.

Grand Total: 323 creatures vanquished

Notes
Turn   | Place    | Note
-------+----------+-------------------------------------------
     0 | D:1      | unlimited1921 the Djinni Fire Elementalist began the quest
                  | for the Orb.
     0 | D:1      | unlimited1921 set off with the following spells memorised:
                  | Foxfire, Scorch, Volatile Blastmotes, Inner Flame, Flame
                  | Wave.
     0 | D:1      | Reached XP level 1. HP: 15/15 MP: 0/0
   741 | D:1      | Reached XP level 2. HP: 15/21 MP: 0/0
  2178 | D:2      | Reached XP level 3. HP: 19/25 MP: 0/0
  2178 | D:2      | Learned a level 1 spell: Sandblast
  2773 | D:2      | Found a faded altar of an unknown god.
  3813 | D:2      | Reached XP level 4. HP: 28/31 MP: 0/0
  6444 | D:3      | Reached XP level 5. HP: 25/36 MP: 0/0
  6444 | D:3      | Learned a level 2 spell: Blink
  7654 | D:4      | Reached XP level 6. HP: 35/41 MP: 0/0
  7871 | D:4      | Slain by an iguana

Illustrated notes

Levels and vault maps discovered:
D:1:      minmay_arrival_stone_box, layout_basic, minmay_split_cup_small
D:2:      layout_loops_ring, shapermc_ecumenical_altar_notcrosses,
          minmay_misc_feat_rows
D:3:      layout_basic
D:4:      minmay_recursive_quarters, layout_rooms, gup_sewer_entry_glass,
          serial_bayou_pond_e, nicolae_zen_rock_garden

Skill      XL: |  1  2  3  4  5 |
---------------+----------------+-----
Dodging        | 3 |  3.3
Stealth        | 2 3 |  3.8
Spellcasting   | 4 |  4.1
Conjurations   | 4 |  4.1
Hexes          | 4 |  4.1
Summonings     | 4 |  4.1
Necromancy     | 4 |  4.1
Translocations | 4 |  4.1
Fire Magic     | 4 |  4.1
Ice Magic      | 4 |  4.1
Air Magic      | 4 |  4.1
Earth Magic    | 4 |  4.1
Alchemy        | 4 |  4.1
Fighting       | |  0.4
Axes           | |  0.2

Action                     |  1- 3 |  4- 6 || total
---------------------------+-------+-------++-------
  Melee: Dagger            |     2 |       ||     2
         Unarmed           |     2 |       ||     2
         Hand axe          |       |     1 ||     1
   Cast: Foxfire           |    87 |    78 ||   165
         Scorch            |     3 |    17 ||    20
         Sandblast         |       |     1 ||     1
 Armour: Robe              |    10 |    13 ||    23
  Dodge: Dodged            |     9 |    17 ||    26
